Map: [ESL] Goldenaura

Players

NoMercy

  • Race: Terran Terran
  • League: Grandmaster
  • Spawn Location: 12:00

Indy - Winner!

  • Race: Protoss Protoss
  • League: Master
  • Spawn Location: 5:00

VOD

Have the link to the VOD?

Description

Time

  • Played on: Dec. 18, 2023, 11:26 a.m.
  • Length: 15:23
Show
View Real Time Build Order
Export as new Build Order

NoMercy Terran 

Build Orders: Reaper Expand 

Get SALT Encoding   

  12  0:00  SCV  
  13  0:12  SCV  
  14  0:16  Supply Depot  
  14  0:24  SCV  
  15  0:38  SCV  
  15  0:39  Barracks  
  16  0:44  Refinery  
  16  0:50  SCV  
  17  1:02  SCV  
  18  1:10  Engineering Bay  
  18  1:14  SCV  
  19  1:28  Orbital Command  
  19  1:29  Reaper  
  20  1:52  Command Center  
  20  1:55  SCV  
  21  2:02  Supply Depot  
  21  2:06  Barracks Tech Lab  
  21  2:07  SCV  
  22  2:19  SCV  
  22  2:20  Barracks  
  23  2:24  Concussive Shells  
  23  2:29  Marauder  
  25  2:31  SCV  
  26  2:39  Barracks  
  26  2:49  SCV  
  26  2:50  Marauder  
  29  2:56  Engineering Bay  
  30  3:07  Orbital Command  
  30  3:10  Barracks Reactor  
  30  3:11  Marine  
  30  3:13  SCV  
  30  3:17  Stimpack  
  31  3:25  SCV  
  32  3:30  Barracks Tech Lab, Missile Turret  
  32  3:32  Marine  
  32  3:33  SCV  
  33  3:36  Supply Depot  
  33  3:41  SCV  
  34  3:45  SCV  
  34  3:46  Marine x2  
  37  3:48  Marine  
  37  3:49  Marine  
  37  3:53  Combat Shield  
  39  3:56  SCV  
  39  3:57  SCV, Refinery  
  41  4:03  Marine  
  41  4:05  Marine  
  41  4:08  SCV  
  41  4:09  Supply Depot, Marine x2  
  46  4:12  SCV  
  47  4:20  SCV  
  47  4:21  Marine  
  50  4:24  SCV  
  50  4:26  Missile Turret  
  50  4:27  Marine x2  
  50  4:28  Marine  
  53  4:32  SCV, Factory  
  53  4:36  SCV  
  55  4:39  Marine  
  55  4:44  SCV  
  55  4:45  Marine  
  56  4:49  SCV  
  56  4:54  Marine  
  56  4:56  Supply Depot, SCV  
  56  4:57  Marine  
  56  4:59  Marauder  
  61  5:01  SCV  
  62  5:11  Supply Depot  
  62  5:18  SCV x2, Marine  
  62  5:21  Marine x2, Command Center  
  65  5:25  Factory Reactor  
  65  5:28  Marine, Starport  
  67  5:30  SCV  
  67  5:32  SCV  
  67  5:34  Refinery  
  70  5:43  SCV  
  70  5:45  Barracks  
  70  5:46  SCV, Marine, Barracks  
  70  5:49  Marine  
  74  5:55  SCV  
  74  5:56  Marauder  
  77  5:58  SCV  
  77  6:00  Marine  
  79  6:06  Refinery  
  79  6:10  Factory Reactor  
  81  6:11  Marine x2  
  81  6:14  Medivac x2  
  85  6:21  Supply Depot  
  85  6:26  Supply Depot  
  85  6:27  Terran Infantry Weapons Level 1  
  85  6:28  SCV  
  86  6:33  Marauder  
  86  6:34  Missile Turret  
  86  6:35  Barracks Tech Lab, Barracks Reactor  
  86  6:37  Missile Turret  
  86  6:38  Marine x2  
  90  6:41  SCV  
  90  6:43  SCV  
  90  6:45  Medivac  
  94  6:52  Widow Mine, Medivac  
  94  6:53  Widow Mine  
  94  6:54  Marauder  
  102  7:04  SCV  
  102  7:05  SCV, Engineering Bay, Armory  
  102  7:09  Marine  
  102  7:10  Marine x3  
  102  7:14  Widow Mine  
  102  7:15  Widow Mine  
  108  7:16  SCV, Medivac  
  108  7:21  Orbital Command  
  111  7:23  SCV  
  111  7:27  Marine, Marauder  
  115  7:30  SCV  
  115  7:32  Marine x2  
  115  7:35  SCV  
  121  7:37  Marauder  
  121  7:38  Marine  
  121  7:43  SCV  
  123  7:48  SCV x2  
  125  7:55  Supply Depot x2  
  125  7:57  SCV, Terran Infantry Armor Level 1  
  126  8:00  SCV  
  127  8:06  Marine, Marauder  
  127  8:07  Marauder  
  127  8:09  Widow Mine  
  133  8:14  Widow Mine  
  133  8:16  SCV  
  123  8:26  Marine x3, Marauder  
  122  8:27  Medivac x2  
  122  8:28  SCV  
  122  8:31  SCV  
  125  8:39  Marine, Marauder  
  125  8:40  SCV, Widow Mine x2  
  133  8:41  Terran Infantry Weapons Level 2  
  133  8:44  SCV  
  134  8:51  Marauder x2  
  134  8:55  Supply Depot, Refinery  
  138  8:56  Supply Depot  
  138  8:59  Marine, Ghost Academy  
  138  9:01  Marauder  
  141  9:03  Medivac  
  141  9:04  Medivac  
  141  9:05  Widow Mine  
  147  9:13  Marine x2  
  147  9:14  Marauder x2  
  147  9:22  Supply Depot, Marauder  
  149  9:25  Sensor Tower  
  149  9:26  Supply Depot  
  149  9:35  Marauder  
  153  9:38  Missile Turret  
  153  9:40  Command Center  
  153  9:42  Marine  
  156  9:46  Widow Mine x2  
  160  9:56  Marauder  
  162  10:04  Unknown  
  164  10:09  Marine  
  164  10:12  Unknown  
  161  10:23  Marine  
  161  10:28  Viking x2  
  166  10:29  Widow Mine x2  
  166  10:33  Marine  
  166  10:34  Unknown, Marine, Marauder  
  171  10:38  Marine  
  171  10:40  Unknown  
  171  10:41  Marauder  
  173  10:43  Marine  
  173  10:46  Unknown, Marauder  
  176  10:51  Marine  
  176  10:52  Barracks  
  176  10:53  Marine, Barracks  
  176  10:55  Marauder  
  180  10:57  Barracks  
  180  11:02  Marauder  
  182  11:05  Viking x2  
  182  11:08  Marauder  
  188  11:17  Marauder  
  181  11:18  Command Center  
  181  11:23  Marauder  
  183  11:29  Marauder  
  183  11:38  Marauder  
  181  11:45  Marauder  
  170  11:48  Marine  
  170  11:49  Marine x2, Viking x2  
  170  11:50  Marauder, Widow Mine  
  181  11:58  Starport  
  181  11:59  Marauder  
  183  12:06  Marauder  
  183  12:07  Marine  
  186  12:12  Marauder  
  183  12:16  Marine  
  183  12:21  Marine, Marauder  
  172  12:23  Marine x2  
  172  12:24  Marine x3  
  172  12:25  Viking  
  172  12:27  Marauder  
  168  12:33  Marauder  
  168  12:34  Marine  
  168  12:36  Widow Mine x2  
  161  12:39  Marine  
  161  12:41  Marine  
  161  12:42  Marauder  
  163  12:46  Barracks Tech Lab, Marine x2  
  163  12:47  Barracks Tech Lab  
  163  12:49  Marauder  
  163  12:50  Planetary Fortress  
  151  12:51  SCV  
  151  12:55  Marauder  
  151  12:57  Terran Infantry Armor Level 2  
  148  13:03  Marine  
  148  13:04  Marauder  
  151  13:06  Barracks Tech Lab, Marine, Marauder  
  151  13:10  Marauder  
  156  13:14  Orbital Command  
  156  13:16  Marauder  
  156  13:17  Medivac x2  
  156  13:19  Medivac  
  168  13:20  Widow Mine x2  
  163  13:27  Refinery  
  163  13:28  Missile Turret  
  163  13:29  Marine x2, Refinery, Marauder  
  163  13:33  Marauder  
  165  13:42  Orbital Command, Widow Mine  
  165  13:43  Widow Mine  
  165  13:47  Marine, Marauder  
  172  13:49  Medivac x3  
  172  13:55  Marauder  
  180  13:56  Marine  
  181  14:04  Orbital Command  
  176  14:14  Marine  
  176  14:15  Marauder  
  162  14:18  Marine  
  163  14:30  Marine x2, Marauder  
  164  14:32  Marine x2  
  135  14:47  Marine x2, Marauder  
  135  14:48  SCV  
  135  14:50  Marauder  
  111  14:54  Marauder  
  111  14:56  Marine  
  83  15:04  Marine  
Show
View Real Time Build Order
Export as new Build Order

Indy Protoss - Winner!

Build Orders: 1 Gate Expand, Phoenix Opening 

Get SALT Encoding   

  12  0:00  Probe  
  13  0:12  Probe  
  14  0:18  Pylon  
  14  0:24  Probe  
  15  0:36  Probe (Chrono Boost)  
  15  0:38  Gateway  
  16  0:45  Probe (Chrono Boost)  
  16  0:47  Assimilator  
  17  0:51  Probe  
  18  1:03  Probe  
  19  1:15  Probe  
  20  1:29  Nexus  
  20  1:34  Cybernetics Core  
  20  1:37  Probe  
  20  1:49  Pylon  
  20  1:50  Probe  
  20  1:54  Assimilator  
  21  2:03  Probe  
  21  2:07  Adept (Chrono Boost)  
  22  2:15  Probe  
  25  2:23  Stargate  
  25  2:27  Probe  
  26  2:30  Adept  
  26  2:33  Warp Gate  
  28  2:39  Probe  
  28  2:41  Probe  
  30  2:52  Probe  
  30  2:53  Probe  
  32  3:00  Adept  
  34  3:06  Probe x2  
  34  3:07  Phoenix  
  38  3:18  Probe x2  
  40  3:23  Pylon  
  40  3:30  Probe x2  
  40  3:33  Phoenix (Chrono Boost)  
  43  3:42  Pylon, Probe x2  
  43  3:43  Stalker (Chrono Boost)  
  47  3:57  Gateway  
  47  3:59  Probe x2  
  51  4:09  Robotics Facility  
  49  4:13  Gateway  
  49  4:14  Probe x2  
  49  4:15  Shield Battery  
  51  4:20  Shield Battery  
  51  4:22  Sentry  
  53  4:27  Probe x2  
  55  4:31  Pylon  
  55  4:40  Probe x2  
  57  4:47  Phoenix  
  59  4:53  Pylon  
  59  4:54  Zealot, Sentry  
  59  4:57  Immortal (Chrono Boost)  
  67  5:02  Probe x2  
  67  5:06  Assimilator x2  
  69  5:22  Zealot x3  
  69  5:26  Probe x2  
  77  5:32  Pylon  
  77  5:47  Immortal (Chrono Boost)  
  77  5:48  Robotics Bay  
  77  5:51  Stalker x2  
  77  5:55  Pylon  
  85  5:59  Nexus  
  85  6:13  Phoenix  
  85  6:17  Probe, Pylon  
  85  6:18  Probe  
  89  6:19  Twilight Council  
  89  6:20  Pylon  
  89  6:21  Forge  
  90  6:27  Observer (Chrono Boost)  
  90  6:30  Probe (Chrono Boost)  
  90  6:31  Probe (Chrono Boost)  
  92  6:33  Pylon  
  92  6:36  Colossus (Chrono Boost)  
  100  6:41  Probe x2 (Chrono Boost)  
  100  6:42  Phoenix  
  100  6:46  Probe x2 (Chrono Boost)  
  102  6:49  Pylon  
  104  6:59  Probe x2  
  104  7:00  Charge, Protoss Ground Weapons Level 1  
  106  7:11  Probe (Chrono Boost)  
  106  7:13  Probe (Chrono Boost)  
  108  7:16  Probe (Chrono Boost)  
  108  7:21  Assimilator  
  108  7:22  Assimilator  
  110  7:23  Extended Thermal Lance, Probe (Chrono Boost)  
  110  7:26  Probe (Chrono Boost)  
  110  7:27  Probe (Chrono Boost)  
  112  7:31  Pylon, Colossus (Chrono Boost)  
  112  7:36  Probe x2  
  112  7:37  Probe  
  119  7:39  Nexus  
  119  7:41  Pylon  
  119  8:00  Gateway  
  119  8:03  Gateway x2  
  117  8:07  Gateway  
  117  8:08  Shield Battery  
  117  8:09  Gateway, Pylon  
  117  8:10  Photon Cannon  
  117  8:11  Phoenix  
  119  8:15  Zealot  
  119  8:16  Zealot x2  
  123  8:25  Probe x2  
  110  8:36  Phoenix, Pylon  
  110  8:37  Probe, Pylon  
  113  8:44  Robotics Facility  
  113  8:47  Robotics Facility  
  113  8:51  Observer  
  113  8:54  Assimilator  
  113  8:58  Assimilator, Protoss Ground Armor Level 1  
  113  9:16  Nexus  
  113  9:17  Pylon  
  113  9:20  Pylon  
  113  9:27  Forge  
  113  9:33  Disruptor x2 (Chrono Boost), Pylon  
  113  9:34  Sentry x2  
  113  9:35  Zealot x6  
  113  9:38  Observer  
  137  9:40  Phoenix  
  139  9:47  Shield Battery  
  139  9:58  Zealot  
  139  9:59  Zealot  
  143  10:02  Colossus x2 (Chrono Boost)  
  143  10:03  Zealot  
  147  10:29  Protoss Ground Weapons Level 2  
  145  10:46  Zealot x7  
  145  10:47  Zealot, Colossus x2 (Chrono Boost)  
  161  10:50  Pylon  
  161  10:51  Protoss Shields Level 1  
  173  11:16  Stalker x3  
  173  11:17  Zealot x5  
  189  11:27  Shield Battery  
  171  11:48  Zealot  
  171  11:49  Zealot x6  
  183  11:56  Phoenix  
  185  12:07  Zealot  
  185  12:10  Zealot x5  
  179  12:18  Zealot  
  179  12:21  Phoenix, Probe x4  
  170  12:33  Stalker x2  
  170  12:34  Stalker x3, Warp Prism  
  182  12:43  Protoss Ground Armor Level 2 (Chrono Boost)  
  168  12:47  Zealot  
  168  12:51  Disruptor  
  170  12:52  Observer  
  170  12:53  Gateway  
  170  12:54  Probe x3  
  170  12:55  Probe  
  170  12:56  Gateway  
  174  12:58  Gateway  
  174  12:59  Zealot x4, Gateway x2  
  174  13:05  Pylon  
  174  13:06  Probe  
  174  13:10  Disruptor (Chrono Boost)  
  177  13:30  Observer (Chrono Boost)  
  174  13:34  Colossus (Chrono Boost)  
  174  13:44  Disruptor (Chrono Boost)  
  174  13:47  Nexus  
  180  13:49  Dark Shrine  
  180  13:50  Pylon  
  180  13:51  Photon Cannon  
  184  13:57  Probe x2  
  184  13:58  Probe  
  184  14:02  Zealot x7  
  190  14:20  Disruptor  
  190  14:22  Disruptor  
  161  14:45  Stalker x5  
  161  14:46  Stalker x6  
Tags
 
Add a new tag
Caveats
  • Supply blocks, unpowered buildings, or Contaminate may cause inaccurate times.
  • Supply counts are checked every 10 seconds.